 Zot Defence DCSS version 0.15.2 (webtiles) character file.

564 shmeve the Skirmisher (level 7, -1/54 (63) HPs)
             Began as a Minotaur Berserker on May 24, 2016.
             Was a Believer of Trog.
             Killed from afar by an orc wizard (8 damage)
             ... with a magic dart
             ... in the Realm of Zot (Scenario V: Glassed Sandwich).
             The game lasted 00:11:43 (966 turns).

shmeve the Skirmisher (Minotaur Berserker)           Turns: 966, Time: 00:11:43

HP  -1/54 (63)   AC  2     Str 23      XL: 7   Next: 10%
MP   3/3         EV 13     Int  4      God: Trog [**....]
Gold 0           SH  0     Dex 10      Spells:  0 memorised,  6 levels left

rFire  . . .     SeeInvis .     a - +0 hand axe
rCold  . . .     Clarity  .     b - +0 animal skin
rNeg   . . .     rCorr    .     (no shield)
rPois  .         rRot     .     (helmet restricted)
rElec  .         Spirit   .     (no cloak)
SustAb .         Warding  .     (no gloves)
rMut   .         Stasis   .     (no boots)
Gourm  .                        (no amulet)
MR     ++...                    (no ring)
                                (no ring)

@: exhausted, regenerating, slowed, very slow, very resistant to hostile
enchantments, very unstealthy
A: retaliatory headbutt, horns 2
a: Make oklob sapling, Make arrow trap, Make plant, Remove Curse, Make burning
bush, Make altar, Make grenades, Make oklob plant, Burn Spellbooks, Berserk,
Trog's Hand, Renounce Religion


You were in the Realm of Zot.
You worshipped Trog.
Trog was pleased with you.
You were not hungry.

You visited 1 branch

Inventory:

Hand weapons
 a - a +0 hand axe (weapon)
Armour
 b - a +0 animal skin (worn)
Comestibles
 d - a bread ration
 j - 2 chunks of orc flesh
Scrolls
 i - a scroll of blinking
Potions
 c - 3 potions of curing
 e - a potion of heal wounds
 f - a potion of haste
 g - 2 potions of magic
 h - a potion of berserk rage


   Skills:
 * Level 6.2 Fighting
 * Level 6.0 Axes
 + Level 2.6 Throwing
 + Level 3.7 Armour
 + Level 3.7 Dodging


You had 6 spell levels left.
You didn't know any spells.

Dungeon Overview and Level Annotations

Branches:
    Zot (1/1)

Altars:

Annotations:
Zot Purgy


Innate Abilities, Weirdness & Mutations

You reflexively headbutt those who attack you in melee.
You have a pair of horns on your head.


Message History

Purgy the Meek comes into view.
You closely miss the goblin. You closely miss something.
Your flesh rots away as the Orb of Zot is desecrated. x2
You headbutt something! Trog accepts your kill.
Trog appreciates your killing of a magic user.
Reactivating autopickup.
Your Axes skill increases to level 6!
You have reached level 7!
Your Zot abilities now extend through the making of oklob plants.
You feel a bit more experienced.
The goblin shoots a stone.
The stone closely misses you.
The goblin shoots a stone.
The stone hits you!
* * * LOW HITPOINT WARNING * * *
Your oklob sapling spits acid at the plant.
The splash of acid hits something.
Your oklob sapling spits acid at the plant.
The splash of acid hits Purgy.
Deactivating autopickup; reactivate with Ctrl-A.
The magic dart hits you!
You die...

▓▓▓▓▓▓▓▓▓▓▓▓▓▓▓▓▓▓▓▓▓▓▓▓▓▓▓▓▓▓▓▓▓
...............(P(...............
..............▓▓T▓▓..............
.............▓▓.).▓▓.............
............▓▓.%(..▓▓............
...........▓▓...(...▓▓...........
..........▓▓..P)%.P..▓▓..........
▓▓▓▓▓▓▓▓▓▓▓.....).....▓▓▓▓▓▓▓▓▓▓▓
∆∆∆∆∆∆▓▓▓▓▓▓▓▓▓P@P▓▓▓▓▓▓▓▓∆∆∆∆∆∆∆
▓▓▓▓▓▓▓▓▓▓▓....)()....▓▓▓▓▓▓▓▓▓▓▓
..........▓▓....g)...▓▓..........
...........▓▓...)...▓▓...........
............▓▓.%%).▓▓............
.............▓▓)P)▓▓.............
..............▓▓.▓▓..............
.................)...............
▓▓▓▓▓▓▓▓▓▓▓▓▓▓▓▓▓▓▓▓▓▓▓▓▓▓▓▓▓▓▓▓▓


You could see Purgy, a goblin and 4 friendly oklob saplings.

Vanquished Creatures
  Blork the orc (Zot)
  3 orc wizards (Zot)
  A worker ant zombie (Zot)
  7 worms (Zot)
  4 oozes (Zot)
  An orc (Zot)
  6 bats (Zot)
  3 hobgoblins (Zot)
  A jackal (Zot)
  3 ball pythons (Zot)
  5 kobolds (Zot)
  2 rats (Zot)
37 creatures vanquished.

Vanquished Creatures (collateral kills)
  Jessica (Zot)
  A gnoll (Zot)
  3 orcs (Zot)
  A ball python (Zot)
  4 bats (Zot)
  5 giant cockroaches (Zot)
  8 goblins (Zot)
  6 hobgoblins (Zot)
  2 jackals (Zot)
  2 giant newts (Zot)
  2 giant spores (Zot)
  13 kobolds (Zot)
  8 rats (Zot)
56 creatures vanquished.

Vanquished Creatures (others)
  An oklob sapling (Zot)
1 creature vanquished.

Grand Total: 94 creatures vanquished

Notes
Turn   | Place    | Note
--------------------------------------------------------------
     0 | Zot      | shmeve, the Minotaur Berserker, began the quest for the Orb.
     0 | Zot      | Reached XP level 1. HP: 19/19 MP: 1/1
   216 | Zot      | Reached XP level 2. HP: 25/27 MP: 1/1
   241 | Zot      | Reached skill level 4 in Axes
   279 | Zot      | Reached XP level 3. HP: 13/33 MP: 2/2
   339 | Zot      | Reached XP level 4. HP: 9/41 MP: 2/2
   548 | Zot      | Reached skill level 1 in Throwing
   565 | Zot      | Noticed Blork the orc
   576 | Zot      | Killed Blork the orc
   576 | Zot      | Reached skill level 5 in Fighting
   576 | Zot      | Reached skill level 5 in Axes
   576 | Zot      | Reached XP level 5. HP: 48/48 MP: 2/2
   614 | Zot      | Reached XP level 6. HP: 38/56 MP: 3/3
   713 | Zot      | Acquired Trog's second power
   865 | Zot      | Noticed Jessica
   871 | Zot      | Killed Jessica
   957 | Zot      | Reached skill level 6 in Fighting
   965 | Zot      | Noticed Purgy
   965 | Zot      | Reached XP level 7. HP: 11/54 MP: 3/3
   966 | Zot      | Killed from afar by an orc wizard

Action                   |  1- 3 |  4- 6 |  7- 9 || total
-------------------------+-------+-------+-------++-------
Melee: Hand axe          |    26 |    64 |       ||    90
Throw: Stone             |       |     7 |       ||     7
Invok: Berserk           |       |     2 |       ||     2
       Trog's Hand       |       |     2 |       ||     2
 Abil: Make oklob saplin |     1 |     4 |       ||     5
       Make plant        |       |     2 |       ||     2
       Make grenades     |       |     1 |       ||     1
